Tampa Bay Lightning vs Pittsburgh Penguins
(R1)
Created - Friday, August 25, 2023 at 06:42
Goals
|
| Tampa Bay Lightning |
0 |
0 |
1 |
1 |
| Pittsburgh Penguins |
0 |
0 |
0 |
0 |
|
Shots
|
| Tampa Bay Lightning |
13 |
7 |
14 |
34 |
| Pittsburgh Penguins |
14 |
8 |
7 |
29 |
|
1st period
No Goal
Penalties :
No Penalty
2nd period
No Goal
Penalties :
Dylan Cozens (TBL) for Interference (Minor) at 0:17, Hampus Lindholm (TBL) for Roughing (Minor) at 5:38, Mitchell Marner (PIT) for Roughing (Minor) at 9:10, Erik Gudbranson (PIT) for Hooking (Minor) at 12:36, Tomas Hertl (TBL) for Holding Stick (Minor) at 18:16
3rd period
1. Tampa Bay Lightning , Tomas Hertl 2 (Alexander Kerfoot 2) at 9:55
Penalties :
Jordan Eberle (PIT) for Hooking (Minor) at 4:00, Phillip Danault (PIT) for Hooking (Minor) at 12:38, Tyler Toffoli (TBL) for Roughing (Minor) at 16:40, Tom Wilson (PIT) for Hooking (Minor) at 18:58
Goalie Stats
Filip Gustavsson (TBL), 29 saves from 29 shots - (1.000), W, 2-1-0, 60:00 minutes
Marc-Andre Fleury (PIT), 33 saves from 34 shots - (0.971), L, 1-2-0, 59:56 minutes
Players Stats for Tampa Bay Lightning
Player Name G A P +/- PIM S H SB GA TA FO MP PP MP PK MP
------------------------------------------------------------------------------------
Alexander Kerfoot 0 1 1 1 0 1 0 1 0 1 0/0 15:09 0:00 3:49
Anze Kopitar 0 0 0 0 0 4 1 0 0 0 2/6 14:53 0:00 4:00
Christian Dvorak 0 0 0 0 0 2 0 0 0 2 6/18 15:37 0:00 3:56
Darnell Nurse 0 0 0 0 0 1 1 2 0 1 0/0 23:54 4:31 3:42
Dylan Cozens 0 0 0 0 2 0 1 0 2 0 6/15 15:04 4:25 0:00
Gustav Nyquist 0 0 0 0 0 0 0 1 0 0 0/0 14:26 0:00 3:56
Hampus Lindholm 0 0 0 0 2 4 1 1 0 0 0/0 19:03 4:31 0:00
Ivan Barbashev 0 0 0 0 0 0 1 0 0 2 1/1 9:53 0:00 0:00
Johnny Gaudreau 0 0 0 0 0 2 0 0 1 0 0/0 15:39 4:25 0:00
Kirill Kaprizov 0 0 0 0 0 1 0 1 0 1 1/3 14:00 4:32 0:00
Michael Matheson 0 0 0 0 0 0 0 1 0 1 0/0 17:49 4:26 0:00
Moritz Seider 0 0 0 1 0 0 1 1 0 3 0/0 22:51 4:26 4:14
Roope Hintz 0 0 0 0 0 5 3 0 0 0 2/4 14:34 4:32 0:00
Ryan Graves 0 0 0 0 0 0 0 1 0 1 0/0 17:48 0:00 4:14
Tomas Hertl 1 0 1 1 2 6 1 0 1 0 6/15 11:47 0:00 0:00
Travis Konecny 0 0 0 1 0 4 3 1 1 1 0/1 15:14 4:32 0:11
Tyler Toffoli 0 0 0 0 2 4 1 0 1 0 0/0 15:39 4:25 0:00
Vladislav Gavrikov 0 0 0 1 0 0 0 0 0 1 0/0 18:40 0:00 3:42
Players Stats for Pittsburgh Penguins
Player Name G A P +/- PIM S H SB GA TA FO MP PP MP PK MP
------------------------------------------------------------------------------------
Anders Lee 0 0 0 0 0 5 2 1 2 0 0/0 14:56 3:56 0:07
Brian Dumoulin 0 0 0 0 0 0 0 0 0 0 0/0 21:17 3:44 4:29
Colton Sissons 0 0 0 0 0 1 0 1 0 1 4/6 12:26 0:00 4:18
Erik Gudbranson 0 0 0 -1 2 0 2 1 0 1 0/0 16:49 0:00 3:03
Erik Karlsson 0 0 0 0 0 0 1 0 0 0 0/0 20:58 4:12 0:02
Gabriel Vilardi 0 0 0 0 0 1 3 0 1 0 0/0 7:58 0:01 0:00
J.J. Moser 0 0 0 -1 0 0 0 0 0 1 0/0 17:36 0:00 4:26
Jean-Gabriel Pageau 0 0 0 0 0 0 3 0 0 1 13/22 19:42 3:56 4:18
Jordan Eberle 0 0 0 0 2 3 1 1 0 1 0/0 11:10 0:00 0:00
Leon Draisaitl 0 0 0 0 0 4 0 0 4 1 6/9 20:27 4:00 4:31
Mattias Ekholm 0 0 0 0 0 1 2 2 0 0 0/0 26:03 3:44 5:15
Mitchell Marner 0 0 0 0 2 4 0 0 1 0 0/0 15:52 3:59 0:00
Pavel Buchnevich 0 0 0 -1 0 2 0 1 1 0 0/0 18:04 3:59 1:30
Phillip Danault 0 0 0 -1 2 3 3 1 0 0 5/11 15:25 0:00 3:10
Ryan Johansen 0 0 0 0 0 0 2 0 2 0 10/14 11:07 0:00 0:00
Ryan Suter 0 0 0 0 0 0 1 1 0 0 0/0 17:25 4:12 0:39
Sam Reinhart 0 0 0 -1 0 3 4 1 2 0 1/1 15:46 3:56 0:00
Tom Wilson 0 0 0 0 2 2 3 0 1 0 0/0 7:57 0:01 0:00
3 Stars
1 - Filip Gustavsson (TBL)
2 - Marc-Andre Fleury (PIT)
3 - Tomas Hertl (TBL)
Power Play
Tampa Bay Lightning - 0 on 5 Attempt(s) - 0.00%
Pittsburgh Penguins - 0 on 4 Attempt(s) - 0.00%
Penalty Kill
Tampa Bay Lightning - 4 on 4 Attempt(s) - 100.00%
- Score 0 goal in Penalty Kill
Pittsburgh Penguins - 5 on 5 Attempt(s) - 100.00%
- Score 0 goal in Penalty Kill
Team Stat
Tampa Bay Lightning - Hits : 14 - Faceoff Wins : 24 - Blocked Shots : 10 - Penalty Minutes : 8
Pittsburgh Penguins - Hits : 27 - Faceoff Wins : 39 - Blocked Shots : 10 - Penalty Minutes : 10
Official
Referees : TJ Luxmore and Steve Kozari
Linesman : Andy McElman and Don Henderson
Game Notes
No Game Note
Finance
Level 1 -- Attendance: 4706 (78.43%) -- Ticket Income $470,600
Level 2 -- Attendance: 3640 (72.80%) -- Ticket Income $218,400
Level 3 -- Attendance: 2260 (75.33%) -- Ticket Income $79,100
Level 4 -- Attendance: 3852 (77.04%) -- Ticket Income $96,300
Luxury Box -- Attendance: 774 (77.40%) -- Ticket Income $154,800
Game was played at the Consol Energy Center.
Total Attendance: 15232 (76.16%)
Total Ticket Income: $1,019,200
Other Income: $356,720
Total Income: $1,375,920
Tampa Bay Lightning
5 vs 5 Forward
Center Left Wing Right Wing Time % Phy DF OF
1 Anze Kopitar Kirill Kaprizov Gustav Nyquist 25 1 2 2
2 Dylan Cozens Roope Hintz Ivan Barbashev 25 1 2 2
3 Tomas Hertl Alexander Kerfoot Travis Konecny 25 1 2 2
4 Christian Dvorak Johnny Gaudreau Tyler Toffoli 25 1 2 2
5 vs 5 Defense
Defense Defense Time % Phy DF OF
1 Darnell Nurse Hampus Lindholm 35 1 2 2
2 Moritz Seider Vladislav Gavrikov 35 1 2 2
3 Michael Matheson Ryan Graves 30 1 2 2
4 Darnell Nurse Moritz Seider 0 1 2 2
PowerPlay Forward
Center Left Wing Right Wing Time % Phy DF OF
1 Roope Hintz Kirill Kaprizov Travis Konecny 50 1 2 2
2 Dylan Cozens Johnny Gaudreau Tyler Toffoli 50 1 2 2
PowerPlay Defense
Defense Defense Time % Phy DF OF
1 Michael Matheson Moritz Seider 50 1 2 2
2 Hampus Lindholm Darnell Nurse 50 1 2 2
Penalty Kill 4 Players Forward
Center Wing Time % Phy DF OF
1 Anze Kopitar Alexander Kerfoot 50 1 2 2
2 Christian Dvorak Gustav Nyquist 50 1 2 2
Penalty Kill 4 Players Defense
Defense Defense Time % Phy DF OF
1 Darnell Nurse Vladislav Gavrikov 50 1 2 2
2 Moritz Seider Ryan Graves 50 1 2 2
Penalty Kill - 3 Players Forward
Forward Time % Phy DF OF
1 Anze Kopitar 50 1 2 2
2 Christian Dvorak 50 1 2 2
Penalty Kill - 3 Players Defense
Defense Defense Time % Phy DF OF
1 Darnell Nurse Vladislav Gavrikov 50 1 2 2
2 Moritz Seider Ryan Graves 50 1 2 2
4 vs 4 Forward
Center Wing Time % Phy DF OF
1 Tomas Hertl Kirill Kaprizov 50 1 2 2
2 Anze Kopitar Travis Konecny 50 1 2 2
4 vs 4 Defense
Defense Defense Time % Phy DF OF
1 Michael Matheson Vladislav Gavrikov 50 1 2 2
2 Hampus Lindholm Ryan Graves 50 1 2 2
Last Minutes Offensive
Center Left Wing Right Wing Defense Defense
Anze Kopitar Kirill Kaprizov Travis Konecny Darnell Nurse Moritz Seider
Last Minutes Defensive
Center Left Wing Right Wing Defense Defense
Anze Kopitar Christian Dvorak Alexander Kerfoot Darnell Nurse Moritz Seider
Goaltenders
Starting : Filip Gustavsson
Backup : Darcy Kuemper
Extra Forwards
Normal : Tomas Hertl, Anze Kopitar, Dylan Cozens - PP : Tomas Hertl, Anze Kopitar - PK : Travis Konecny
Extra Defensemen
Normal : Vladislav Gavrikov, Ryan Graves, Hampus Lindholm - PP : Vladislav Gavrikov - PK : Ryan Graves, Hampus Lindholm
Penalty Shots
Gustav Nyquist, Kirill Kaprizov, Alexander Kerfoot, Anze Kopitar, Roope Hintz
Pittsburgh Penguins
5 vs 5 Forward
Center Left Wing Right Wing Time % Phy DF OF
1 Jean-Gabriel Pageau Leon Draisaitl Mitchell Marner 30 1 2 2
2 Phillip Danault Pavel Buchnevich Sam Reinhart 30 1 2 2
3 Ryan Johansen Anders Lee Jordan Eberle 25 1 2 2
4 Colton Sissons Gabriel Vilardi Tom Wilson 15 1 2 2
5 vs 5 Defense
Defense Defense Time % Phy DF OF
1 Erik Karlsson Mattias Ekholm 30 1 2 2
2 Ryan Suter Brian Dumoulin 30 1 2 2
3 Erik Gudbranson J.J. Moser 30 1 2 2
4 Erik Karlsson Mattias Ekholm 10 1 2 2
PowerPlay Forward
Center Left Wing Right Wing Time % Phy DF OF
1 Leon Draisaitl Pavel Buchnevich Mitchell Marner 50 0 2 3
2 Jean-Gabriel Pageau Anders Lee Sam Reinhart 50 1 2 2
PowerPlay Defense
Defense Defense Time % Phy DF OF
1 Erik Karlsson Ryan Suter 50 1 2 2
2 Mattias Ekholm Brian Dumoulin 50 1 2 2
Penalty Kill 4 Players Forward
Center Wing Time % Phy DF OF
1 Leon Draisaitl Phillip Danault 50 1 2 2
2 Jean-Gabriel Pageau Colton Sissons 50 1 2 2
Penalty Kill 4 Players Defense
Defense Defense Time % Phy DF OF
1 Mattias Ekholm Brian Dumoulin 50 1 2 2
2 Erik Gudbranson J.J. Moser 50 1 2 2
Penalty Kill - 3 Players Forward
Forward Time % Phy DF OF
1 Leon Draisaitl 50 1 2 2
2 Mitchell Marner 50 1 2 2
Penalty Kill - 3 Players Defense
Defense Defense Time % Phy DF OF
1 Erik Gudbranson J.J. Moser 50 1 2 2
2 Mattias Ekholm Brian Dumoulin 50 1 2 2
4 vs 4 Forward
Center Wing Time % Phy DF OF
1 Leon Draisaitl Mitchell Marner 50 1 2 2
2 Sam Reinhart Pavel Buchnevich 50 1 2 2
4 vs 4 Defense
Defense Defense Time % Phy DF OF
1 Erik Karlsson Ryan Suter 50 1 2 2
2 Mattias Ekholm Brian Dumoulin 50 1 2 2
Last Minutes Offensive
Center Left Wing Right Wing Defense Defense
Leon Draisaitl Pavel Buchnevich Mitchell Marner Erik Karlsson Mattias Ekholm
Last Minutes Defensive
Center Left Wing Right Wing Defense Defense
Leon Draisaitl Pavel Buchnevich Mitchell Marner Erik Karlsson Mattias Ekholm
Goaltenders
Starting : Marc-Andre Fleury
Backup : Akira Schmid
Extra Forwards
Normal : Tom Wilson, Gabriel Vilardi, Phillip Danault - PP : Tom Wilson, Gabriel Vilardi - PK : Phillip Danault
Extra Defensemen
Normal : Erik Gudbranson, J.J. Moser, Mattias Ekholm - PP : Erik Gudbranson - PK : J.J. Moser, Mattias Ekholm
Penalty Shots
Leon Draisaitl, Mitchell Marner, Sam Reinhart, Pavel Buchnevich, Jean-Gabriel Pageau
% Time on Ice - Tampa Bay Lightning
Lines # - Real PCT - Wanted PCT - Time Play
Normal Forward
1 - 25% - 25% - 10:40
2 - 25% - 25% - 10:40
3 - 25% - 25% - 10:43
4 - 26% - 25% - 11:04
Normal Defense
1 - 34% - 35% - 14:50
2 - 35% - 35% - 15:02
3 - 31% - 30% - 13:15
4 - 0% - 0% - 0:00
PP Forward
1 - 51% - 50% - 4:32
2 - 49% - 50% - 4:25
PP Defense
1 - 50% - 50% - 4:26
2 - 50% - 50% - 4:31
PK Forward
1 - 50% - 50% - 4:00
2 - 50% - 50% - 3:56
PK Defense
1 - 47% - 50% - 3:42
2 - 53% - 50% - 4:14
PK3 Forward
1 - 0% - 50%
2 - 0% - 50%
PK3 Defense
1 - 0% - 50%
2 - 0% - 50%
44 Forward
1 - 0% - 50%
2 - 0% - 50%
44 Defense
1 - 0% - 50%
2 - 0% - 50%
Last Minute Offensive - 0:00
Last Minute Defensive - 0:00
Total
Forward - 60:00
Defense - 60:00
|
% Time on Ice - Pittsburgh Penguins
Lines # - Real PCT - Wanted PCT - Time Play
Normal Forward
1 - 28% - 30% - 12:02
2 - 28% - 30% - 12:05
3 - 26% - 25% - 11:07
4 - 18% - 15% - 7:53
Normal Defense
1 - 33% - 30% - 14:26
2 - 30% - 30% - 12:58
3 - 30% - 30% - 13:04
4 - 6% - 10% - 2:39
PP Forward
1 - 50% - 50% - 4:00
2 - 50% - 50% - 3:56
PP Defense
1 - 53% - 50% - 4:12
2 - 47% - 50% - 3:44
PK Forward
1 - 51% - 50% - 4:32
2 - 49% - 50% - 4:25
PK Defense
1 - 50% - 50% - 4:29
2 - 50% - 50% - 4:28
PK3 Forward
1 - 0% - 50%
2 - 0% - 50%
PK3 Defense
1 - 0% - 50%
2 - 0% - 50%
44 Forward
1 - 0% - 50%
2 - 0% - 50%
44 Defense
1 - 0% - 50%
2 - 0% - 50%
Last Minute Offensive - 0:00
Last Minute Defensive - 0:00
Total
Forward - 60:00
Defense - 60:00
|
Play-by-Play
1st period
0:01 of 1st period - Anze Kopitar wins face-off versus Jean-Gabriel Pageau in neutral zone.
0:28 of 1st period - Wrist shot by Roope Hintz.
0:28 of 1st period - Stopped by Marc-Andre Fleury without a rebound.
0:29 of 1st period - Dylan Cozens wins face-off versus Phillip Danault in Pittsburgh Penguins zone.
1:41 of 1st period - Mitchell Marner is hit by Dylan Cozens and loses puck.
2:51 of 1st period - Moritz Seider is hit by Gabriel Vilardi and loses puck.
4:05 of 1st period - Darnell Nurse is hit by Erik Gudbranson and loses puck.
4:28 of 1st period - Snap shot by Kirill Kaprizov.
4:28 of 1st period - Shot Misses the Net.
4:39 of 1st period - Mattias Ekholm is hit by Anze Kopitar and loses puck.
6:22 of 1st period - Wrist shot by Sam Reinhart.
6:22 of 1st period - Stopped by Filip Gustavsson with a rebound.
6:37 of 1st period - Michael Matheson is hit by Sam Reinhart and loses puck.
7:14 of 1st period - Wrist shot by Anze Kopitar.
7:14 of 1st period - Stopped by Marc-Andre Fleury without a rebound.
7:15 of 1st period - Jean-Gabriel Pageau wins face-off versus Tomas Hertl in Pittsburgh Penguins zone.
7:15 of 1st period - Jean-Gabriel Pageau is hit by Darnell Nurse.
7:45 of 1st period - Snap shot by Anders Lee.
7:45 of 1st period - Shot Blocked by Hampus Lindholm.
7:47 of 1st period - Slapshot by Erik Karlsson.
7:47 of 1st period - Shot Misses the Net.
7:49 of 1st period - Wrist shot by Jordan Eberle.
7:49 of 1st period - Stopped by Filip Gustavsson with a rebound.
7:51 of 1st period - Slapshot by Brian Dumoulin.
7:51 of 1st period - Shot Blocked by Darnell Nurse.
8:07 of 1st period - Vladislav Gavrikov is hit by Tom Wilson and loses puck.
8:27 of 1st period - Icing by Moritz Seider.
8:28 of 1st period - Jean-Gabriel Pageau wins face-off versus Travis Konecny in Tampa Bay Lightning zone.
8:29 of 1st period - Wrist shot by Mitchell Marner.
8:29 of 1st period - Stopped by Filip Gustavsson without a rebound.
8:30 of 1st period - Ryan Johansen wins face-off versus Tomas Hertl in Tampa Bay Lightning zone.
8:47 of 1st period - Ryan Johansen is hit by Travis Konecny and loses puck.
9:24 of 1st period - Wrist shot by Tom Wilson.
9:24 of 1st period - Shot Hit the Post.
9:56 of 1st period - Slapshot by Mitchell Marner.
9:56 of 1st period - Deflect By Leon Draisaitl.
9:56 of 1st period - Stopped by Filip Gustavsson without a rebound.
9:57 of 1st period - Jean-Gabriel Pageau wins face-off versus Kirill Kaprizov in Tampa Bay Lightning zone.
10:16 of 1st period - Wrist shot by Leon Draisaitl.
10:16 of 1st period - Shot Misses the Net.
10:36 of 1st period - Wrist shot by Leon Draisaitl.
10:36 of 1st period - Shot Misses the Net.
10:44 of 1st period - Snap shot by Leon Draisaitl.
10:44 of 1st period - Shot Misses the Net.
10:46 of 1st period - Snap shot by Mitchell Marner.
10:46 of 1st period - Deflect By Leon Draisaitl.
10:46 of 1st period - Stopped by Filip Gustavsson without a rebound.
10:47 of 1st period - Ryan Johansen wins face-off versus Dylan Cozens in Tampa Bay Lightning zone.
10:48 of 1st period - Wrist shot by Anders Lee.
10:48 of 1st period - Stopped by Filip Gustavsson without a rebound.
10:49 of 1st period - Ryan Johansen wins face-off versus Dylan Cozens in Tampa Bay Lightning zone.
10:58 of 1st period - Wrist shot by Ryan Johansen.
10:58 of 1st period - Deflect By Anders Lee.
10:58 of 1st period - Shot Misses the Net.
10:58 of 1st period - Puck is out of play.
10:59 of 1st period - Christian Dvorak wins face-off versus Ryan Johansen in Tampa Bay Lightning zone.
11:04 of 1st period - Vladislav Gavrikov is hit by Ryan Johansen and loses puck.
11:25 of 1st period - Dylan Cozens is hit by Mattias Ekholm and loses puck.
11:46 of 1st period - Snap shot by Pavel Buchnevich.
11:46 of 1st period - Shot Misses the Net.
11:48 of 1st period - Wrist shot by Phillip Danault.
11:48 of 1st period - Stopped by Filip Gustavsson without a rebound.
11:49 of 1st period - Tomas Hertl wins face-off versus Phillip Danault in Tampa Bay Lightning zone.
12:00 of 1st period - Backhand shot by Tomas Hertl.
12:00 of 1st period - Stopped by Marc-Andre Fleury with a rebound.
12:10 of 1st period - Slapshot by Tomas Hertl.
12:10 of 1st period - Deflect By Pavel Buchnevich.
12:10 of 1st period - Shot Misses the Net.
12:10 of 1st period - Puck is out of play.
12:11 of 1st period - Ryan Johansen wins face-off versus Christian Dvorak in Pittsburgh Penguins zone.
12:53 of 1st period - Icing by Mattias Ekholm.
12:54 of 1st period - Phillip Danault wins face-off versus Dylan Cozens in Pittsburgh Penguins zone.
12:59 of 1st period - Snap shot by Pavel Buchnevich.
12:59 of 1st period - Deflect By Phillip Danault.
12:59 of 1st period - Shot Blocked by Michael Matheson.
12:59 of 1st period - Puck is out of play.
13:00 of 1st period - Ryan Johansen wins face-off versus Dylan Cozens in Tampa Bay Lightning zone.
13:35 of 1st period - Snap shot by Travis Konecny.
13:35 of 1st period - Stopped by Marc-Andre Fleury with a rebound.
13:39 of 1st period - Snap shot by Tomas Hertl.
13:39 of 1st period - Stopped by Marc-Andre Fleury with a rebound.
13:53 of 1st period - Snap shot by Pavel Buchnevich.
13:53 of 1st period - Stopped by Filip Gustavsson without a rebound.
13:54 of 1st period - Phillip Danault wins face-off versus Dylan Cozens in Tampa Bay Lightning zone.
14:09 of 1st period - Slapshot by Roope Hintz.
14:09 of 1st period - Deflect By Ivan Barbashev.
14:09 of 1st period - Shot Blocked by Phillip Danault.
14:09 of 1st period - Puck is out of play.
14:10 of 1st period - Tomas Hertl wins face-off versus Ryan Johansen in Pittsburgh Penguins zone.
14:17 of 1st period - Wrist shot by Tomas Hertl.
14:17 of 1st period - Stopped by Marc-Andre Fleury with a rebound.
14:42 of 1st period - Ryan Johansen is hit by Hampus Lindholm and loses puck.
15:03 of 1st period - Dylan Cozens is hit by Jean-Gabriel Pageau and loses puck.
15:29 of 1st period - Slapshot by Tom Wilson.
15:29 of 1st period - Stopped by Filip Gustavsson without a rebound.
15:30 of 1st period - Jean-Gabriel Pageau wins face-off versus Tomas Hertl in Tampa Bay Lightning zone.
15:57 of 1st period - Erik Gudbranson is hit by Ivan Barbashev and loses puck.
16:10 of 1st period - Slapshot by Ivan Barbashev.
16:10 of 1st period - Deflect By Roope Hintz.
16:10 of 1st period - Stopped by Marc-Andre Fleury with a rebound.
16:20 of 1st period - Wrist shot by Mitchell Marner.
16:20 of 1st period - Stopped by Filip Gustavsson with a rebound.
16:26 of 1st period - Sam Reinhart is hit by Tyler Toffoli and loses puck.
16:41 of 1st period - Slapshot by Jordan Eberle.
16:41 of 1st period - Stopped by Filip Gustavsson with a rebound.
16:43 of 1st period - Wrist shot by Anders Lee.
16:43 of 1st period - Stopped by Filip Gustavsson with a rebound.
16:45 of 1st period - Slapshot by Erik Gudbranson.
16:45 of 1st period - Deflect By Anders Lee.
16:45 of 1st period - Shot Blocked by Moritz Seider.
16:45 of 1st period - Puck is out of play.
16:46 of 1st period - Phillip Danault wins face-off versus Tomas Hertl in Tampa Bay Lightning zone.
16:47 of 1st period - Wrist shot by Sam Reinhart.
16:47 of 1st period - Stopped by Filip Gustavsson without a rebound.
16:48 of 1st period - Tomas Hertl wins face-off versus Phillip Danault in Tampa Bay Lightning zone.
16:57 of 1st period - Slapshot by Tomas Hertl.
16:57 of 1st period - Shot Misses the Net.
16:59 of 1st period - Snap shot by Travis Konecny.
16:59 of 1st period - Stopped by Marc-Andre Fleury without a rebound.
17:00 of 1st period - Christian Dvorak wins face-off versus Ryan Johansen in Pittsburgh Penguins zone.
17:03 of 1st period - Snap shot by Johnny Gaudreau.
17:03 of 1st period - Deflect By Christian Dvorak.
17:03 of 1st period - Stopped by Marc-Andre Fleury with a rebound.
17:50 of 1st period - Snap shot by Travis Konecny.
17:50 of 1st period - Stopped by Marc-Andre Fleury with a rebound.
17:52 of 1st period - Slapshot by Hampus Lindholm.
17:52 of 1st period - Shot Blocked by Pavel Buchnevich.
17:54 of 1st period - Snap shot by Alexander Kerfoot.
17:54 of 1st period - Stopped by Marc-Andre Fleury with a rebound.
18:28 of 1st period - Snap shot by Tom Wilson.
18:28 of 1st period - Deflect By Colton Sissons.
18:28 of 1st period - Shot Blocked by Gustav Nyquist.
18:28 of 1st period - Puck is out of play.
18:29 of 1st period - Colton Sissons wins face-off versus Christian Dvorak in Tampa Bay Lightning zone.
18:30 of 1st period - Snap shot by Tom Wilson.
18:30 of 1st period - Stopped by Filip Gustavsson with a rebound.
18:32 of 1st period - Snap shot by Tom Wilson.
18:32 of 1st period - Shot Misses the Net.
18:34 of 1st period - Wrist shot by Tom Wilson.
18:34 of 1st period - Shot Hit the Post.
19:04 of 1st period - Slapshot by Roope Hintz.
19:04 of 1st period - Stopped by Marc-Andre Fleury with a rebound.
19:06 of 1st period - Slapshot by Ryan Graves.
19:06 of 1st period - Shot Misses the Net.
19:26 of 1st period - Wrist shot by Tomas Hertl.
19:26 of 1st period - Stopped by Marc-Andre Fleury with a rebound.
Goals for this period are 0 for Tampa Bay Lightning vs 0 for Pittsburgh Penguins.
Shots for this period are 13 for Tampa Bay Lightning vs 14 for Pittsburgh Penguins.
2nd period
0:01 of 2nd period - Dylan Cozens wins face-off versus Jean-Gabriel Pageau in neutral zone.
0:08 of 2nd period - Wrist shot by Roope Hintz.
0:08 of 2nd period - Shot Misses the Net.
0:17 of 2nd period - Minor Penalty to Dylan Cozens for Interference.
0:18 of 2nd period - Anze Kopitar wins face-off versus Leon Draisaitl in Tampa Bay Lightning zone.
1:44 of 2nd period - Moritz Seider is hit by Anders Lee and loses puck.
2:17 of 2nd period - Penalty to Dylan Cozens is over, Dylan Cozens is back on ice.
2:43 of 2nd period - Snap shot by Phillip Danault.
2:43 of 2nd period - Stopped by Filip Gustavsson with a rebound.
2:51 of 2nd period - Snap shot by Ryan Johansen.
2:51 of 2nd period - Shot Misses the Net.
2:53 of 2nd period - Slapshot by Mattias Ekholm.
2:53 of 2nd period - Stopped by Filip Gustavsson without a rebound.
2:54 of 2nd period - Christian Dvorak wins face-off versus Colton Sissons in Tampa Bay Lightning zone.
3:03 of 2nd period - Snap shot by Gabriel Vilardi.
3:03 of 2nd period - Deflect By Colton Sissons.
3:03 of 2nd period - Shot Blocked by Ryan Graves.
3:03 of 2nd period - Puck is out of play.
3:04 of 2nd period - Christian Dvorak wins face-off versus Colton Sissons in Tampa Bay Lightning zone.
3:13 of 2nd period - Wrist shot by Tyler Toffoli.
3:13 of 2nd period - Stopped by Marc-Andre Fleury with a rebound.
3:15 of 2nd period - Wrist shot by Christian Dvorak.
3:15 of 2nd period - Stopped by Marc-Andre Fleury without a rebound.
3:16 of 2nd period - Ivan Barbashev wins face-off versus Phillip Danault in Pittsburgh Penguins zone.
3:21 of 2nd period - Snap shot by Roope Hintz.
3:21 of 2nd period - Stopped by Marc-Andre Fleury without a rebound.
3:22 of 2nd period - Dylan Cozens wins face-off versus Phillip Danault in Pittsburgh Penguins zone.
4:16 of 2nd period - Wrist shot by Anders Lee.
4:16 of 2nd period - Stopped by Filip Gustavsson without a rebound.
4:17 of 2nd period - Phillip Danault wins face-off versus Tomas Hertl in Tampa Bay Lightning zone.
4:44 of 2nd period - Jordan Eberle is hit by Roope Hintz and loses puck.
5:07 of 2nd period - Snap shot by Leon Draisaitl.
5:07 of 2nd period - Stopped by Filip Gustavsson without a rebound.
5:08 of 2nd period - Jean-Gabriel Pageau wins face-off versus Christian Dvorak in Tampa Bay Lightning zone.
5:35 of 2nd period - Wrist shot by Leon Draisaitl.
5:35 of 2nd period - Stopped by Filip Gustavsson without a rebound.
5:36 of 2nd period - Tomas Hertl wins face-off versus Phillip Danault in Tampa Bay Lightning zone.
5:38 of 2nd period - Minor Penalty to Hampus Lindholm for Roughing.
5:39 of 2nd period - Jean-Gabriel Pageau wins face-off versus Christian Dvorak in Tampa Bay Lightning zone.
5:52 of 2nd period - Off-side.
5:53 of 2nd period - Leon Draisaitl wins face-off versus Anze Kopitar in neutral zone.
5:57 of 2nd period - Off-side.
5:58 of 2nd period - Leon Draisaitl wins face-off versus Christian Dvorak in neutral zone.
7:38 of 2nd period - Penalty to Hampus Lindholm is over, Hampus Lindholm is back on ice.
7:56 of 2nd period - Ryan Graves is hit by Tom Wilson and loses puck.
8:43 of 2nd period - Snap shot by Travis Konecny.
8:43 of 2nd period - Stopped by Marc-Andre Fleury without a rebound.
8:44 of 2nd period - Kirill Kaprizov wins face-off versus Jean-Gabriel Pageau in Pittsburgh Penguins zone.
9:10 of 2nd period - Minor Penalty to Mitchell Marner for Roughing.
9:11 of 2nd period - Roope Hintz wins face-off versus Leon Draisaitl in Pittsburgh Penguins zone.
9:39 of 2nd period - Wrist shot by Johnny Gaudreau.
9:39 of 2nd period - Stopped by Marc-Andre Fleury with a rebound.
11:10 of 2nd period - Penalty to Mitchell Marner is over, Mitchell Marner is back on ice.
11:28 of 2nd period - Anze Kopitar is hit by Mattias Ekholm and loses puck.
11:48 of 2nd period - Kirill Kaprizov is hit by Ryan Suter and loses puck.
12:06 of 2nd period - Off-side.
12:07 of 2nd period - Jean-Gabriel Pageau wins face-off versus Christian Dvorak in neutral zone.
12:28 of 2nd period - Alexander Kerfoot is hit by Anders Lee and loses puck.
12:36 of 2nd period - Minor Penalty to Erik Gudbranson for Hooking.
12:37 of 2nd period - Dylan Cozens wins face-off versus Jean-Gabriel Pageau in Pittsburgh Penguins zone.
12:39 of 2nd period - Wrist shot by Johnny Gaudreau.
12:39 of 2nd period - Stopped by Marc-Andre Fleury without a rebound.
12:40 of 2nd period - Colton Sissons wins face-off versus Dylan Cozens in Pittsburgh Penguins zone.
14:36 of 2nd period - Penalty to Erik Gudbranson is over, Erik Gudbranson is back on ice.
14:37 of 2nd period - Kirill Kaprizov is hit by Jean-Gabriel Pageau and loses puck.
14:52 of 2nd period - Wrist shot by Anders Lee.
14:52 of 2nd period - Shot Misses the Net.
14:54 of 2nd period - Wrist shot by Jordan Eberle.
14:54 of 2nd period - Stopped by Filip Gustavsson without a rebound.
14:55 of 2nd period - Ryan Johansen wins face-off versus Tomas Hertl in Tampa Bay Lightning zone.
14:56 of 2nd period - Wrist shot by Anders Lee.
14:56 of 2nd period - Stopped by Filip Gustavsson with a rebound.
14:58 of 2nd period - Snap shot by Jordan Eberle.
14:58 of 2nd period - Shot Blocked by Alexander Kerfoot.
15:00 of 2nd period - Snap shot by Erik Gudbranson.
15:00 of 2nd period - Shot Misses the Net.
15:02 of 2nd period - Slapshot by Erik Gudbranson.
15:02 of 2nd period - Shot Blocked by Travis Konecny.
15:38 of 2nd period - Off-side.
15:39 of 2nd period - Jean-Gabriel Pageau wins face-off versus Anze Kopitar in neutral zone.
16:28 of 2nd period - Phillip Danault is hit by Moritz Seider and loses puck.
16:37 of 2nd period - Snap shot by Tyler Toffoli.
16:37 of 2nd period - Stopped by Marc-Andre Fleury without a rebound.
16:38 of 2nd period - Tomas Hertl wins face-off versus Jean-Gabriel Pageau in Pittsburgh Penguins zone.
17:12 of 2nd period - Wrist shot by Tyler Toffoli.
17:12 of 2nd period - Shot Misses the Net.
17:14 of 2nd period - Snap shot by Tyler Toffoli.
17:14 of 2nd period - Shot Misses the Net.
17:44 of 2nd period - Backhand shot by Pavel Buchnevich.
17:44 of 2nd period - Stopped by Filip Gustavsson without a rebound.
17:45 of 2nd period - Tomas Hertl wins face-off versus Jean-Gabriel Pageau in Tampa Bay Lightning zone.
18:16 of 2nd period - Minor Penalty to Tomas Hertl for Holding Stick.
18:17 of 2nd period - Christian Dvorak wins face-off versus Jean-Gabriel Pageau in Tampa Bay Lightning zone.
19:15 of 2nd period - Anze Kopitar is hit by Sam Reinhart and loses puck.
Goals for this period are 0 for Tampa Bay Lightning vs 0 for Pittsburgh Penguins.
Shots for this period are 7 for Tampa Bay Lightning vs 8 for Pittsburgh Penguins.
3rd period
0:01 of 3rd period - Leon Draisaitl wins face-off versus Christian Dvorak in neutral zone.
0:04 of 3rd period - Slapshot by Mattias Ekholm.
0:04 of 3rd period - Shot Misses the Net.
0:06 of 3rd period - Snap shot by Pavel Buchnevich.
0:06 of 3rd period - Deflect By Leon Draisaitl.
0:06 of 3rd period - Shot Blocked by Darnell Nurse.
0:06 of 3rd period - Puck is out of play.
0:07 of 3rd period - Leon Draisaitl wins face-off versus Christian Dvorak in Tampa Bay Lightning zone.
0:12 of 3rd period - Snap shot by Leon Draisaitl.
0:12 of 3rd period - Shot Hit the Post.
0:16 of 3rd period - Penalty to Tomas Hertl is over, Tomas Hertl is back on ice.
0:16 of 3rd period - Wrist shot by Mitchell Marner.
0:16 of 3rd period - Stopped by Filip Gustavsson with a rebound.
0:46 of 3rd period - Snap shot by Mitchell Marner.
0:46 of 3rd period - Stopped by Filip Gustavsson without a rebound.
0:47 of 3rd period - Ryan Johansen wins face-off versus Dylan Cozens in Tampa Bay Lightning zone.
1:21 of 3rd period - Wrist shot by Travis Konecny.
1:21 of 3rd period - Shot Misses the Net.
1:35 of 3rd period - Christian Dvorak is hit by Phillip Danault and loses puck.
2:18 of 3rd period - Slapshot by Sam Reinhart.
2:18 of 3rd period - Shot Blocked by Kirill Kaprizov.
2:24 of 3rd period - Kirill Kaprizov is hit by Phillip Danault and loses puck.
2:53 of 3rd period - Snap shot by Sam Reinhart.
2:53 of 3rd period - Shot Misses the Net.
2:55 of 3rd period - Wrist shot by Phillip Danault.
2:55 of 3rd period - Stopped by Filip Gustavsson without a rebound.
2:56 of 3rd period - Jean-Gabriel Pageau wins face-off versus Christian Dvorak in Tampa Bay Lightning zone.
3:49 of 3rd period - Snap shot by Anze Kopitar.
3:49 of 3rd period - Shot Misses the Net.
3:55 of 3rd period - Wrist shot by Kirill Kaprizov.
3:55 of 3rd period - Shot Blocked by Jordan Eberle.
4:00 of 3rd period - Minor Penalty to Jordan Eberle for Hooking.
4:01 of 3rd period - Jean-Gabriel Pageau wins face-off versus Kirill Kaprizov in Pittsburgh Penguins zone.
6:00 of 3rd period - Penalty to Jordan Eberle is over, Jordan Eberle is back on ice.
6:07 of 3rd period - Hampus Lindholm is hit by Jordan Eberle and loses puck.
6:43 of 3rd period - Anze Kopitar is hit by Sam Reinhart.
6:51 of 3rd period - Tyler Toffoli is hit by Phillip Danault and loses puck.
7:47 of 3rd period - Johnny Gaudreau is hit by Sam Reinhart and loses puck.
8:55 of 3rd period - Ivan Barbashev is hit by Erik Karlsson and loses puck.
9:04 of 3rd period - Michael Matheson is hit by Ryan Johansen.
9:47 of 3rd period - Wrist shot by Anze Kopitar.
9:47 of 3rd period - Shot Blocked by Ryan Suter.
9:49 of 3rd period - Wrist shot by Anze Kopitar.
9:49 of 3rd period - Stopped by Marc-Andre Fleury without a rebound.
9:50 of 3rd period - Sam Reinhart wins face-off versus Tomas Hertl in Pittsburgh Penguins zone.
9:55 of 3rd period - Snap shot by Tomas Hertl.
9:55 of 3rd period - Goal by Tomas Hertl - Tampa Bay Lightning : 1 - Pittsburgh Penguins : 0.
9:56 of 3rd period - Phillip Danault wins face-off versus Tomas Hertl in neutral zone.
10:07 of 3rd period - Alexander Kerfoot is hit by Erik Gudbranson.
10:15 of 3rd period - Phillip Danault is hit by Travis Konecny and loses puck.
10:34 of 3rd period - Johnny Gaudreau is hit by Jean-Gabriel Pageau and loses puck.
10:58 of 3rd period - Snap shot by Anze Kopitar.
10:58 of 3rd period - Shot Blocked by Anders Lee.
11:12 of 3rd period - Slapshot by Roope Hintz.
11:12 of 3rd period - Deflect By Dylan Cozens.
11:12 of 3rd period - Shot Blocked by Colton Sissons.
11:12 of 3rd period - Puck is out of play.
11:13 of 3rd period - Colton Sissons wins face-off versus Dylan Cozens in Pittsburgh Penguins zone.
11:18 of 3rd period - Hampus Lindholm is hit by Gabriel Vilardi and loses puck.
11:46 of 3rd period - Wrist shot by Sam Reinhart.
11:46 of 3rd period - Stopped by Filip Gustavsson without a rebound.
11:47 of 3rd period - Jean-Gabriel Pageau wins face-off versus Christian Dvorak in Tampa Bay Lightning zone.
12:22 of 3rd period - Slapshot by Anze Kopitar.
12:22 of 3rd period - Stopped by Marc-Andre Fleury with a rebound.
12:24 of 3rd period - Slapshot by Hampus Lindholm.
12:24 of 3rd period - Stopped by Marc-Andre Fleury with a rebound.
12:26 of 3rd period - Slapshot by Hampus Lindholm.
12:26 of 3rd period - Shot Blocked by Sam Reinhart.
12:28 of 3rd period - Slapshot by Hampus Lindholm.
12:28 of 3rd period - Stopped by Marc-Andre Fleury with a rebound.
12:30 of 3rd period - Backhand shot by Anze Kopitar.
12:30 of 3rd period - Stopped by Marc-Andre Fleury with a rebound.
12:32 of 3rd period - Slapshot by Darnell Nurse.
12:32 of 3rd period - Shot Blocked by Mattias Ekholm.
12:38 of 3rd period - Minor Penalty to Phillip Danault for Hooking.
12:39 of 3rd period - Dylan Cozens wins face-off versus Jean-Gabriel Pageau in Pittsburgh Penguins zone.
12:44 of 3rd period - Snap shot by Tyler Toffoli.
12:44 of 3rd period - Stopped by Marc-Andre Fleury with a rebound.
12:52 of 3rd period - Snap shot by Johnny Gaudreau.
12:52 of 3rd period - Deflect By Tyler Toffoli.
12:52 of 3rd period - Stopped by Marc-Andre Fleury without a rebound.
12:53 of 3rd period - Roope Hintz wins face-off versus Leon Draisaitl in Pittsburgh Penguins zone.
12:58 of 3rd period - Slapshot by Roope Hintz.
12:58 of 3rd period - Stopped by Marc-Andre Fleury without a rebound.
12:59 of 3rd period - Leon Draisaitl wins face-off versus Roope Hintz in Pittsburgh Penguins zone.
12:59 of 3rd period - Leon Draisaitl is hit by Travis Konecny.
13:13 of 3rd period - Leon Draisaitl is hit by Roope Hintz and loses puck.
13:34 of 3rd period - Slapshot by Hampus Lindholm.
13:34 of 3rd period - Stopped by Marc-Andre Fleury with a rebound.
13:36 of 3rd period - Slapshot by Hampus Lindholm.
13:36 of 3rd period - Stopped by Marc-Andre Fleury without a rebound.
13:37 of 3rd period - Jean-Gabriel Pageau wins face-off versus Roope Hintz in Pittsburgh Penguins zone.
13:48 of 3rd period - Snap shot by Kirill Kaprizov.
13:48 of 3rd period - Stopped by Marc-Andre Fleury with a rebound.
13:50 of 3rd period - Wrist shot by Travis Konecny.
13:50 of 3rd period - Shot Blocked by Erik Gudbranson.
13:52 of 3rd period - Snap shot by Travis Konecny.
13:52 of 3rd period - Deflect By Leon Draisaitl.
13:52 of 3rd period - Shot Misses the Net.
13:52 of 3rd period - Puck is out of play.
13:53 of 3rd period - Dylan Cozens wins face-off versus Jean-Gabriel Pageau in Pittsburgh Penguins zone.
14:06 of 3rd period - Slapshot by Tyler Toffoli.
14:06 of 3rd period - Shot Misses the Net.
14:38 of 3rd period - Penalty to Phillip Danault is over, Phillip Danault is back on ice.
15:03 of 3rd period - Snap shot by Colton Sissons.
15:03 of 3rd period - Stopped by Filip Gustavsson without a rebound.
15:04 of 3rd period - Colton Sissons wins face-off versus Anze Kopitar in Tampa Bay Lightning zone.
15:05 of 3rd period - Snap shot by Gabriel Vilardi.
15:05 of 3rd period - Stopped by Filip Gustavsson with a rebound.
15:07 of 3rd period - Slapshot by Gabriel Vilardi.
15:07 of 3rd period - Shot Misses the Net.
15:13 of 3rd period - Ryan Graves is hit by Tom Wilson and loses puck.
15:35 of 3rd period - Snap shot by Darnell Nurse.
15:35 of 3rd period - Deflect By J.J. Moser.
15:35 of 3rd period - Stopped by Marc-Andre Fleury without a rebound.
15:36 of 3rd period - Ryan Johansen wins face-off versus Tomas Hertl in Pittsburgh Penguins zone.
15:49 of 3rd period - Slapshot by Anders Lee.
15:49 of 3rd period - Deflect By Jordan Eberle.
15:49 of 3rd period - Shot Misses the Net.
15:49 of 3rd period - Puck is out of play.
15:50 of 3rd period - Christian Dvorak wins face-off versus Ryan Johansen in Tampa Bay Lightning zone.
15:55 of 3rd period - Wrist shot by Tyler Toffoli.
15:55 of 3rd period - Shot Blocked by Mattias Ekholm.
16:17 of 3rd period - Colton Sissons is hit by Tomas Hertl and loses puck.
16:24 of 3rd period - Snap shot by Tomas Hertl.
16:24 of 3rd period - Stopped by Marc-Andre Fleury without a rebound.
16:25 of 3rd period - Ryan Johansen wins face-off versus Christian Dvorak in Pittsburgh Penguins zone.
16:29 of 3rd period - Off-side.
16:30 of 3rd period - Ryan Johansen wins face-off versus Christian Dvorak in neutral zone.
16:40 of 3rd period - Minor Penalty to Tyler Toffoli for Roughing.
16:41 of 3rd period - Jean-Gabriel Pageau wins face-off versus Anze Kopitar in Tampa Bay Lightning zone.
16:41 of 3rd period - Slapshot by Sam Reinhart.
16:41 of 3rd period - Shot Misses the Net.
16:43 of 3rd period - Snap shot by Sam Reinhart.
16:43 of 3rd period - Deflect By Anders Lee.
16:43 of 3rd period - Stopped by Filip Gustavsson with a rebound.
18:40 of 3rd period - Penalty to Tyler Toffoli is over, Tyler Toffoli is back on ice.
18:52 of 3rd period - Ivan Barbashev is hit by Gabriel Vilardi and loses puck.
18:55 of 3rd period - Pittsburgh Penguins, Marc-Andre Fleury is pulled from the net.
18:58 of 3rd period - Minor Penalty to Tom Wilson for Hooking.
18:59 of 3rd period - Marc-Andre Fleury from Pittsburgh Penguins was sent back in the game.
18:59 of 3rd period - Leon Draisaitl wins face-off versus Dylan Cozens in Pittsburgh Penguins zone.
19:47 of 3rd period - Colton Sissons is hit by Roope Hintz and loses puck.
Goals for this period are 1 for Tampa Bay Lightning vs 0 for Pittsburgh Penguins.
Shots for this period are 14 for Tampa Bay Lightning vs 7 for Pittsburgh Penguins.
Back to the Top